 Dungeon Crawl Stone Soup version 0.24.1-14-gf8d2b509d9 (webtiles) character file.

Game seed: 14124509262029355658, levelgen mode: deterministic

375 mortelune the Insei (level 6, 0/42 HPs)
             Began as an Octopode Transmuter on May 17, 2020.
             Was an Initiate of Gozag.
             Killed from afar by an orc wizard (15 damage)
             ... with a puff of flame
             ... on level 4 of the Dungeon.
             The game lasted 00:08:00 (4689 turns).

mortelune the Insei (Octopode Transmuter)           Turns: 4689, Time: 00:08:00

Health: 0/42       AC:  1    Str: 12    XL:     6   Next: 72%
Magic:  10/10      EV: 14    Int: 27    God:    Gozag
Gold:   172        SH:  0    Dex: 13    Spells: 4/10 levels left

rFire    x . .     SeeInvis .     - Unarmed
rCold    + . .     Gourm    .   (no shield)
rNeg     . . .     Faith    .   (helmet restricted)
rPois    +         Spirit   .   e - amulet of the acrobat
rElec    .         Reflect  .   j - ring of ice
rCorr    .         Harm     .   I - ring of protection from cold
MR       .....                  q - +4 ring of intelligence
Stlth    +++.......             r - ring "Ufuluawo" {rPois rC- Str+3 Int+6 Stlth+}
HPRegen  0.14/turn              (no ring)
MPRegen  0.12/turn              (no ring)
                                (no ring)
                                (no ring)

@: no status effects
A: almost no armour, stealthy swim, amphibious, 8 rings, constrict 8, camouflage
1, gelatinous body 1
a: Potion Petition, Call Merchant, Bribe Branch, Renounce Religion


You were on level 4 of the Dungeon.
You worshipped Gozag.
Gozag was aware of your devotion.
You were not hungry.

You visited 1 branch of the dungeon, and saw 4 of its levels.

You collected 209 gold pieces.
You paid 37 gold pieces to Gozag.

Inventory:

Missiles
 Q - 62 arrows
Jewellery
 e - an amulet of the acrobat (around mantle)
 j - a ring of ice (left tentacle)
 n - an uncursed amulet of guardian spirit {unknown}
 q - a +4 ring of intelligence (on tentacle)
 r - the ring "Ufuluawo" (on tentacle) {rPois rC- Str+3 Int+6 Stlth+}
   (You found it on level 4 of the Dungeon)

   [ring of strength]

   It affects your strength (+3).
   It affects your intelligence (+6).
   It makes you vulnerable to cold.
   It protects you from poison.
   It makes you more stealthy.
 I - a ring of protection from cold (right tentacle)
Scrolls
 a - 3 scrolls of identify {unknown}
 b - 2 scrolls of enchant weapon {unknown}
 d - 2 scrolls of remove curse {unknown}
 f - 2 scrolls of magic mapping {unknown}
 h - 2 scrolls of teleportation {unknown}
 i - 2 scrolls of immolation {unknown}
 p - a scroll of fear {unknown}
Potions
 g - a potion of might {unknown}
 k - a potion of ambrosia {unknown}
 l - a potion of curing
 m - a potion of lignification {unknown}
 o - a potion of cancellation {unknown}
Comestibles
 c - 7 rations


   Skills:
 + Level 3.0 Fighting
 + Level 2.6 Dodging
 * Level 4.6 Unarmed Combat
 - Level 2.9 Spellcasting
 - Level 4.0 Transmutations


You had 4 spell levels left.
You knew the following spells:

 Your Spells              Type           Power        Failure   Level  Hunger
a - Beastly Appendage     Tmut           ####..       1%          1    None
b - Sticks to Snakes      Tmut           ####....     2%          2    #......
c - Spider Form           Tmut/Pois      ###.......   12%         3    ###....

Your spell library contained the following spells:

 Spells                   Type           Power        Failure   Level  Hunger
 Ice Form                 Ice/Tmut       ###.....     36%         4    ####...
 Blade Hands              Tmut           ####......   41%         5    ######.


Dungeon Overview and Level Annotations

Branches:
Dungeon (4/15)
 Temple: D:4-7

Altars:
Dithmenos
Gozag
Nemelex Xobeh
Okawaru
Qazlal
Zin

Annotations:
D:3 Dowan


Innate Abilities, Weirdness & Mutations

You cannot wear most types of armour.
You are very stealthy in the water. (Stealth+)
You are amphibious.
You can wear up to eight rings at the same time.
You can use your tentacles to constrict eight enemies at once.
Your skin changes colour to match your surroundings (Stealth+).
Your rubbery body absorbs attacks. (AC +1, EV +1)


Message History

Orders for allies: a - Attack new target. r - Retreat! s - Stop attacking. g - Guard the area. f - Follow me.
Anything else - Cancel.
Gang up on whom?
Press: ? - help, Dir - move target cursor, f - orc wizard
Aim: an orc wizard, wielding a +0 dagger and wearing a +0 robe Attack!
Your water moccasin misses the orc wizard.
Your water moccasin withers and dies!
The orc wizard casts a spell at you. The magic dart hits you.
There is a stone staircase leading down here.
The orc wizard points at you and mumbles some strange words.
The puff of flame misses you.
There is a stone staircase leading up here.
The orc wizard points at you and mumbles some strange words.
The puff of flame hits you! The fire burns you terribly!
You die...
Your body crumbles into a pile of gold.

#.#.# ###.#.# # #...o.#.#
##.#.#>#.# #........# $
####..#.#.### ..........#
########## .....##>#.#
#........#
#######...######@########
###.o......# #.########
...# ###.# #.# #.# #.# #.


You could see an orc wizard.

Vanquished Creatures
  Duvessa (D:3)
  An orc priest (D:3)
  2 hounds (D:4)
  A centaur skeleton (D:4)
  A worker ant (D:4)
  2 adders (D:2)
  4 worms
  2 dart slugs (D:1)
  3 leopard geckos
  5 orcs
  3 giant cockroaches
  5 goblins
  2 hobgoblins
  2 jackals (D:2)
  9 kobolds
  5 quokkas
  A ball python (D:2)
  7 bats
  4 frilled lizards (D:1)
  8 rats
68 creatures vanquished.

Vanquished Creatures (collateral kills)
  A hound (D:4)
  An adder (D:2)
  A worm (D:3)
  An orc (D:3)
  A rat (D:2)
5 creatures vanquished.

Grand Total: 73 creatures vanquished

Notes
Turn   | Place    | Note
-------+----------+-------------------------------------------
     0 | D:1      | mortelune the Octopode Transmuter began the quest for the
                  | Orb.
     0 | D:1      | Reached XP level 1. HP: 13/13 MP: 3/3
   294 | D:1      | Reached XP level 2. HP: 16/18 MP: 5/5
   298 | D:1      | Learned a level 2 spell: Sticks to Snakes
  1116 | D:2      | Reached XP level 3. HP: 23/23 MP: 3/6
  1363 | D:2      | Learned a level 3 spell: Spider Form
  1700 | D:2      | Found a shadowy altar of Dithmenos.
  1700 | D:2      | Found a glowing silver altar of Zin.
  1704 | D:2      | Found a sparkling altar of Nemelex Xobeh.
  1839 | D:2      | Reached XP level 4. HP: 29/29 MP: 7/7
  2918 | D:3      | Found an iron altar of Okawaru.
  3035 | D:3      | Noticed an orc warrior
  3039 | D:3      | Reached XP level 5. HP: 27/34 MP: 7/9
  3276 | D:3      | Found an opulent altar of Gozag.
  3287 | D:3      | Became a worshipper of Gozag Ym Sagoz the Greedy
  3842 | D:3      | Found a stormy altar of Qazlal.
  3842 | D:3      | Noticed a water elemental
  3845 | D:3      | Noticed an air elemental
  3848 | D:3      | Noticed a fire elemental
  3898 | D:4      | Noticed an ogre
  4137 | D:4      | Noticed Duvessa
  4141 | D:4      | Noticed Dowan
  4229 | D:3      | Killed Duvessa
  4229 | D:3      | Reached XP level 6. HP: 12/41 MP: 5/10
  4515 | D:4      | Got a smoking bone ring
  4520 | D:4      | Identified the ring "Ufuluawo" {rPois rC- Str+3 Int+6
                  | Stlth+} (You found it on level 4 of the Dungeon)
  4582 | D:4      | Identified the +5 leather armour of Duty {rPois Int+4
                  | Slay+3}
  4689 | D:4      | Killed from afar by an orc wizard

Levels and vault maps discovered:
D:1:      arrival_zaba_pyramid, layout_basic
D:2:      layout_loops_corners, grunt_temple_overflow_open
D:3:      layout_rooms, old_standard_altar, okawaru_ov_weapons_minmay,
          nicolae_qazlal_style_of_elements
D:4:      layout_loops_ring, lemuel_zombie_altar_kikubaaqudgha,
          nicolae_tso_carved_into_rock, kennysheep_mini, temple_green,
          first_ration, lemuel_blue_sif_altar, uniq_duvessa

Skill      XL: |  1  2  3  4  5  6 |
---------------+-------------------+-----
Fighting       | 2 3 |  3.0
Transmutations | 3 4 |  4.0
Unarmed Combat | 4 |  4.6
Dodging        | |  2.6
Spellcasting   | |  2.9

Action                   |  1- 3 |  4- 6 || total
-------------------------+-------+-------++-------
Melee: Unarmed           |    70 |   115 ||   185
       Constrict         |    20 |    26 ||    46
       Kick              |     4 |     5 ||     9
       Tentacles         |     6 |    27 ||    33
       Punch             |     1 |     3 ||     4
 Cast: Beastly Appendage |     5 |     3 ||     8
       Sticks to Snakes  |     1 |    13 ||    14
       Spider Form       |       |     3 ||     3
  Use: Potion            |       |     1 ||     1
 Stab: Sleeping          |     5 |     3 ||     8
       Distracted        |     1 |     2 ||     3
  Eat: Chunk             |     3 |     4 ||     7
       Ration            |       |     2 ||     2
Armor: Skin              |     4 |     7 ||    11
Dodge: Dodged            |    40 |   110 ||   150
